 Dungeon Crawl Stone Soup version 0.30.1-11-g7821555f0a (webtiles) character file.

Game seed: 12835291420830673081

53 Psyclone the Conjurer (level 3, 19/19 HPs)
             Began as a Deep Elf Conjurer on Nov 7, 2023.
             Quit the game on level 1 of the Dungeon.
             The game lasted 00:01:59 (1036 turns).

Psyclone the Conjurer (Deep Elf Conjurer)           Turns: 1036, Time: 00:02:00

Health: 19/19      AC:  3    Str:  4    XL:     3   Next: 64%
Magic:  10/10      EV: 12    Int: 24    God:
Gold:   11         SH:  0    Dex: 13    Spells: 9/10 levels left

rFire   . . .        h - +0 short sword
rCold   . . .        (no shield)
rNeg    . . .        a - +0 robe
rPois   .            g - +0 helmet
rElec   .            (no cloak)
rCorr   .            (no gloves)
SInv    .            (no boots)
Will    .....        (no amulet)
Stlth   ++           (no ring)
HPRegen 0.23/turn    (no ring)
MPRegen 0.12/turn

%: no passive effects
@: invisible
A: no striking features
a: no special abilities


You were on level 1 of the Dungeon.
You visited 1 branch of the dungeon, and saw 2 of its levels.

You collected 11 gold pieces.

Inventory:

Hand Weapons
 h - a +0 short sword (weapon)
Armour
 a - a +0 robe (worn)
 g - a +0 helmet (worn)
Magical Staves
 l - a staff of air
Scrolls
 k - 2 scrolls of identify {@r1}
Potions
 b - a potion of magic
 d - 2 potions of brilliance


   Skills:
 - Level 2.4 Dodging
 - Level 2.4 Stealth
 + Level 4.0 Spellcasting
 * Level 5.5 Conjurations


You had 9 spell levels left.
You knew the following spells:

 Your Spells              Type           Power      Damage    Failure   Level
a - Magic Dart            Conj           100%       1d8       1%          1

Your spell library contained the following spells:

 Spells                   Type           Power      Damage    Failure   Level
 Searing Ray              Conj           62%        2d6       1%          2
 Dazzling Flash           Conj/Hex       36%        N/A       10%         3
 Sublimation of Blood     Necr           4%         N/A       14%         2
 Wereblood                Tmut           4%         N/A       14%         2
 Volatile Blastmotes      Fire/Tloc      8%         2d10      28%         3
 Fulminant Prism          Conj/Hex       9%         3d7       30%         4
 Iskenderun's Mystic Bla  Conj/Tloc      18%        2d6       30%         4
 Starburst                Conj/Fire      9%         6d5       99%         6
 Summon Hydra             Summ           2%         N/A       100%        7


Dungeon Overview and Level Annotations

Branches:
Dungeon (2/15) Zot: 10964

Altars:


Message History

The magic dart hits Jessica.
You kill Jessica!
Your Spellcasting skill increases to level 4!
You have reached level 3!
Your experience leads to an increase in your attributes!
Increase (S)trength, (I)ntelligence, or (D)exterity?
You feel clever. x2
Health restored: 19 You now have 4/10 mp.
You pick up a book of Blood and begin reading...
You add the spells Sublimation of Blood, Wereblood and Summon Hydra to your library.
Things that are here:
a +0 dagger; a +0 robe
There is a stone staircase leading up here.
You climb upwards.
There is a stone staircase leading down here.
You start resting.
Magic restored.
MP restored: 10
As you read the scroll labelled XICAMN DUAJE, it crumbles to dust.
You feel strangely unstable.
It was a scroll of teleportation.
As you read the scroll labelled AHYSOWKULE, it crumbles to dust.
It is a scroll of amnesia.
Really abort (and waste the scroll)? [Y]es or [N]o only, please.
Really abort (and waste the scroll)?
Okay, then.
The air fills with toxic fumes!
As you read the scroll labelled AZASAM BYEL, it crumbles to dust.
It was a scroll of poison.
Your surroundings suddenly seem different.
As you read the scroll labelled NERGHI QAXI, it crumbles to dust.
It is a scroll of identify.
d - 2 potions of brilliance It was a potion of invisibility.
You fade into invisibility!
It was a potion of curing.
You feel better.
Unknown command.
Unknown command.
Are you sure you want to abandon this character and quit the game? (Confirm with "yes".)

...#.......#############.........
...#######......)................
##.# ###########.###########. #.#
##...................###
##.#######..........⌠..........#
........##......⌠.......⌠......#
##.####.###...................##
#.# #.# ##..⌠...⌠...⌠..(⌠..## #.#
#.# ##...@...........## #.# #.#
##.⌠....⌠....⌠.## ##.# #.#
##...........####### ...#
##'########..⌠...⌠..###..... ...#
#.........##.......## #[.... ...#
#..........##..<..#####..... ...#
#..........###.>.##...+..... ...#
#............#####...##.....
...###..........#.....#...##.....


There were no monsters in sight!

Vanquished Creatures
  Jessica (D:2)
  5 bats (D:1)
  An endoplasm (D:1)
  3 giant cockroaches (D:1)
  A goblin (D:1)
  5 hobgoblins (D:1)
  2 quokkas (D:1)
  3 ball pythons (D:1)
  3 kobolds (D:1)
  A rat (D:1)
25 creatures vanquished.

Notes
Turn   | Place    | Note
-------+----------+-------------------------------------------
     0 | D:1      | Psyclone the Deep Elf Conjurer began the quest for the Orb.
     0 | D:1      | Reached XP level 1. HP: 10/10 MP: 6/6
   235 | D:1      | Reached XP level 2. HP: 14/15 MP: 2/8
   537 | D:1      | Reached skill level 5 in Conjurations
   979 | D:2      | Noticed Jessica
   983 | D:2      | Killed Jessica
   984 | D:2      | Reached XP level 3. HP: 19/19 MP: 4/10
  1036 | D:1      | Quit the game

Illustrated notes

Levels and vault maps discovered:
D:1:      dpeg_arrival_lava_temple_mockup, layout_basic, hex_intersection
D:2:      layout_basic, minmay_randomly_rotated_circles, uniq_jessica

Skill      XL: |  1  2 |
---------------+-------+-----
Conjurations   | 5 |  5.5
Spellcasting   | 4 |  4.0
Dodging        | |  2.4
Stealth        | |  2.4

Action                     || total
---------------------------++-------
   Cast: Magic Dart        ||    45
    Use: Scroll            ||     4
         Potion            ||     2
 Armour: Robe              ||     7
  Dodge: Dodged            ||    23
